 Dungeon Crawl Stone Soup version 0.32-a0-612-g1c984fe9d1 (webtiles) character file.

Game seed: 6733015231406313931

49487 Smoke131 the Warrior (level 14, -3/159 HPs)
             Began as an Oni Gladiator on Mar 5, 2024.
             Was the Champion of Okawaru.
             Slain by an ice devil (29 damage)
             ... on level 5 of the Lair of Beasts.
             The game lasted 01:03:40 (22128 turns).

Smoke131 the Warrior (Oni Gladiator)               Turns: 22128, Time: 01:03:41

Health: -3/159     AC: 12    Str: 25    XL:     14   Next: 51%
Magic:  0/21       EV: 13    Int: 12    God:    Okawaru [******]
Gold:   844        SH:  0    Dex: 14    Spells: 13/13 levels left

rFire   + + +        p - +7 mace of Ebakuph {flame, rF+ SInv}
rCold   x . .        (no shield)
rNeg    . . .        N - +0 fire dragon scales
rPois   +            B - +1 hat {Stlth+}
rElec   .            t - +1 cloak {Stlth+}
rCorr   .            (gloves unavailable)
SInv    +            (boots unavailable)
Will    +....        b - amulet of guardian spirit
Stlth   ++           E - ring of Jimilicsoll {rPois Int+3 Dex+4}
HPRegen 0.46/turn    y - +5 ring of evasion
MPRegen 0.17/turn

%: guardian spirit
@: about to teleport
A: large, unfitting armour, horns 1, tough skin 1, double potion healing,
drunken brawling
a: Renounce Religion, Heroism, Finesse, Duel


You were on level 5 of the Lair of Beasts.
You worshipped Okawaru.
Okawaru was exalted by your worship.
You visited 2 branches of the dungeon, and saw 14 of its levels.
You also visited: Volcano.

You collected 868 gold pieces.
You spent 24 gold pieces at shops.

Inventory:

Hand Weapons
 p - the +7 mace of Ebakuph (weapon) {flame, rF+ SInv}
   (You found it on level 2 of the Dungeon)

   rF+:       It protects you from fire.
   SInv:      It lets you see invisible.
 I - a +5 dire flail of holy wrath
Missiles
 d - 5 throwing nets
 e - 3 large rocks
 j - 6 boomerangs (quivered)
 k - 2 atropa-tipped darts
 m - 5 poisoned darts
 w - a curare-tipped dart
 G - a silver javelin
 M - 11 javelins
Armour
 t - a +1 cloak of stealth (worn)
 B - a +1 hat of stealth (worn)
 N - +0 fire dragon scales (worn)
Jewellery
 b - an amulet of guardian spirit (around neck)
 o - a ring of positive energy
 y - a +5 ring of evasion (right hand)
 z - a ring of flight
 E - the ring of Jimilicsoll (left hand) {rPois Int+3 Dex+4}
   (You found it on level 7 of the Dungeon)

   [ring of poison resistance]

   Int+3:     It affects your intelligence (+3).
   Dex+4:     It affects your dexterity (+4).
   rPois:     It protects you from poison.
Wands
 g - a wand of paralysis (1)
 n - a wand of digging (7)
 u - a wand of light (12)
 v - a wand of iceblast (5)
 A - a wand of flame (10)
 D - a wand of polymorph (17)
Scrolls
 c - 2 scrolls of vulnerability
 h - a scroll of identify
 q - 3 scrolls of revelation
 x - a scroll of brand weapon
 F - a scroll of silence
 H - a scroll of teleportation
 J - a scroll of torment
 K - a scroll of blinking
Potions
 a - 3 potions of brilliance
 f - 5 potions of might
 i - 7 potions of curing
 l - a potion of invisibility
 r - 4 potions of heal wounds
 s - 3 potions of ambrosia
 C - 3 potions of enlightenment
 L - a potion of resistance
 O - a potion of haste
 P - a potion of mutation {unknown}
 Q - a potion of lignification


   Skills:
 - Level 15.0 Fighting
 + Level 14.9 Maces & Flails
 + Level 14.8 Throwing
 - Level 3.0 Dodging
 - Level 10.0 Invocations


You had 13 spell levels left.
You didn't know any spells.
Your spell library contained the following spells:

 Spells                   Type           Power      Damage    Failure   Level
 Blink                    Tloc           0%         N/A       83%         2
 Lesser Beckoning         Tloc           0%         N/A       83%         2
 Momentum Strike          Conj/Tloc      0%         3d8       83%         2
 Sublimation of Blood     Necr           0%         N/A       83%         2
 Inner Flame              Hex/Fire       0%         N/A       96%         3
 Irradiate                Conj/Alch      0%         3d11      100%        5
 Ignition                 Fire           0%         3d3       100%        8
 Call Imp                 Summ           Unusable   N/A       N/A         2
 Summon Hydra             Summ           Unusable   N/A       N/A         7

Dungeon Overview and Level Annotations

Branches:
Dungeon (9/15)             Temple (0/1) D:7            Lair (5/5) D:9
 Shoals (0/4) Lair:2       Spider (0/4) Lair:3        Slime (0/5) Lair:5
    Orc (0/2) D:9         Volcano (visited)

Altars:
Kikubaaqudgha
Makhleb
Nemelex Xobeh
Okawaru
Vehumet
Wu Jian
Jiyva

Shops:
D:7 *   D:8 (

Annotations:
D:8 3 runed translucent doors, Sobieck's ghost, novice MDFE
Lair:4 2 runed translucent doors, Pijio's ghost, journeyman MDFi


Innate Abilities, Weirdness & Mutations

You are too large for most types of armour.
You have a pair of small horns on your head.
You have tough skin. (AC +1)
You gain doubled healing and magic from potions.
Whenever you drink a healing potion, you attack all around you.


Message History

The hell hound is almost dead.
The hell hound closely misses you.
You hit the hell hound but do no damage.
You headbutt the hell hound.
You kill the hell hound!
Okawaru accepts your kill.
You see here a hell hound corpse.
You start resting.
Magic restored.
You start resting.
An ice devil is nearby!
The ice devil hits you! The ice devil freezes you!!
You feel a terrible chill!
There is a large open door here.
You hit the ice devil. You burn the ice devil.
The ice devil is lightly wounded.
The ice devil hits you. The ice devil freezes you!!
You feel a terrible chill!
You hit the ice devil. You burn the ice devil.
Your headbutt misses the ice devil.
The ice devil is lightly wounded.
You hit the ice devil. You burn the ice devil.
The ice devil is moderately wounded.
The ice devil misses you.
You hit the ice devil. You burn the ice devil.
The ice devil is moderately wounded.
The ice devil hits you. The ice devil freezes you!!
You feel a terrible chill!
You barely miss the ice devil.
You headbutt the ice devil, but do no damage.
The ice devil is moderately wounded.
You sock the ice devil! You burn the ice devil.
You headbutt the ice devil, but do no damage.
The ice devil is severely wounded.
The ice devil hits you!
* * * LOW HITPOINT WARNING * * *
The ice devil freezes you!!
You feel a terrible chill!
* * * LOW HITPOINT WARNING * * *
As you read the scroll of teleportation, it crumbles to dust.
You feel strangely unstable. The ice devil hits you.
* * * LOW HITPOINT WARNING * * *
The ice devil freezes you!!
You feel a terrible chill!
You die...

*...#.ß..#...4..,,,~~~~~~~
*..ß.#...'h..34h,,,,∩~~~~~
*...ß.#.4#......,,,,~~~~~~
*..#.ß...#,.....,,~~~~~~~~
*...#.ß..###############~~
*..ß.#...'....†........#~~
**........#.).ß....ß....#~~
♣+#########.............#~~
P♣♣♣ ######@'#######**
...♣♣♣ ♣.4.(.♣ ♣....♣♣♣
♣♣.(♣♣♣ ♣♣♣♣.†.♣♣ ♣♣♣).♣♣
♣♣...♣♣♣♣♣.†♣♣♣
♣♣♣..♣♣..♣♣♣
♣♣♣♣♣♣....♣♣♣♣♣
♣♣♣♣♣♣♣....♣♣♣♣♣
♣♣♣♣♣♣♣...♣♣♣♣♣♣ ♣♣♣♣


You could see an ice devil.

Vanquished Creatures
  Rupert (Lair:5)
  A fire dragon (Volcano)
  A hell beast (Lair:5)
  7 hydras
  7 death yaks
  3 skysharks
  An arcanist (Lair:5)
  Pikel (D:6)
  2 wolf spiders
  2 lindwurms
  2 oklob plants (Lair:1)
  4 elephants
  An orange demon (Lair:5)
  7 black mambas
  3 torpor snails
  A smoke demon (Lair:5)
  13 cane toads
  5 rime drakes
  10 komodo dragons
  2 ice devils (Lair:5)
  2 polar bears
  A queen bee (Lair:2)
  2 red devils (Lair:5)
  2 trolls
  4 blink frogs
  3 dream sheep (Lair:3)
  2 culicivoras (Lair:3)
  A shadow (D:9)
  A wraith (D:9)
  4 wyverns
  A basilisk (Lair:3)
  14 fire bats (Volcano)
  39 yaks
  3 steam dragons
  A golden eye (Lair:1)
  2 redbacks (Lair:3)
  An acid dragon (D:8)
  20 water moccasins
  5 hell hounds
  3 black bears
  3 orc warriors
  2 ice beasts (D:8)
  2 sky beasts (D:6)
  4 ogres
  3 wolves
  4 centaurs
  A phantom (D:7)
  3 lemures (D:7)
  16 bullfrogs
  A kobold brigand (D:8)
  3 scorpions
  5 gnoll sergeants (D:9)
  4 wights (D:9)
  11 killer bees (Lair:2)
  A bombardier beetle (D:5)
  4 hounds
  6 lava snakes (Volcano)
  3 jellies
  Crazy Yiuf (D:5)
  A gnoll bouda (D:9)
  4 orc priests
  9 orc wizards
  Ijyb (D:3)
  Terence (D:3)
  23 gnolls
  3 adders
  A shadow imp (D:3)
  2 white imps (D:7)
  2 ufetubi
  4 dart slugs
  A ribbon worm (D:4)
  35 orcs
  10 ball pythons
  3 bats (D:1)
  10 endoplasms
  3 giant cockroaches
  4 goblins
  4 hobgoblins
  8 jackals
  5 kobolds
  4 quokkas
  3 frilled lizards
  4 rats
407 creatures vanquished.

Notes
Turn   | Place    | Note
-------+----------+-------------------------------------------
     0 | D:1      | Smoke131 the Oni Gladiator began the quest for the Orb.
     0 | D:1      | Reached XP level 1. HP: 22/22 MP: 1/1
   197 | D:1      | Reached skill level 3 in Fighting
   197 | D:1      | Reached XP level 2. HP: 30/31 MP: 2/2
   423 | D:1      | Reached XP level 3. HP: 18/37 MP: 3/3
  1074 | D:2      | Identified the +7 mace of Ebakuph {flame, rF+ SInv}
  1111 | D:2      | Reached XP level 4. HP: 44/48 MP: 4/4
  1348 | D:2      | Reached skill level 4 in Fighting
  2239 | D:3      | Reached XP level 5. HP: 46/55 MP: 5/5
  2603 | D:3      | Noticed Ijyb
  2616 | D:3      | Killed Ijyb
  3008 | D:3      | Noticed Terence
  3018 | D:3      | Killed Terence
  3267 | D:4      | Noticed an ogre
  3279 | D:3      | Killed an ogre
  3280 | D:3      | Reached skill level 5 in Fighting
  3280 | D:3      | Reached XP level 6. HP: 41/66 MP: 6/6
  4023 | D:4      | Found an iron altar of Okawaru.
  4023 | D:4      | Found an ornate altar of the Wu Jian Council.
  4028 | D:4      | Found a burning altar of Makhleb.
  4035 | D:4      | Became a worshipper of Warmaster Okawaru
  4063 | D:4      | Reached XP level 7. HP: 74/74 MP: 7/7
  4127 | D:5      | Entered Level 5 of the Dungeon
  4143 | D:5      | Reached skill level 6 in Fighting
  4143 | D:5      | Reached skill level 5 in Maces & Flails
  4143 | D:5      | Reached skill level 1 in Invocations
  4445 | D:5      | Noticed a steam dragon
  4453 | D:5      | Killed a steam dragon
  4453 | D:5      | Reached * piety under Okawaru
  4454 | D:5      | Reached skill level 5 in Throwing
  4454 | D:5      | Reached XP level 8. HP: 58/84 MP: 8/10
  4754 | D:5      | Found a runed translucent door.
  4755 | D:5      | Noticed Crazy Yiuf
  4776 | D:5      | Reached skill level 7 in Fighting
  4794 | D:5      | Killed Crazy Yiuf
  5858 | D:6      | Found a radiant altar of Vehumet.
  6259 | D:7      | Noticed a wyvern
  6264 | D:7      | Killed a wyvern
  6265 | D:7      | Reached skill level 8 in Fighting
  6322 | D:7      | Reached ** piety under Okawaru
  6323 | D:7      | Reached XP level 9. HP: 72/96 MP: 12/12
  6327 | D:7      | Reached skill level 5 in Invocations
  6559 | D:7      | Noticed Pikel
  6768 | D:6      | Killed Pikel
  6769 | D:6      | Reached skill level 9 in Fighting
  7019 | D:7      | Identified the ring of Jimilicsoll {rPois Int+3 Dex+4}
  7037 | D:7      | Found a staircase to the Ecumenical Temple.
  7109 | D:7      | Found Emmeuv's Assorted Antiques.
  7121 | D:7      | Bought a metallic yellow potion for 24 gold pieces
  7635 | D:8      | Found Uxzutuhi's Weapon Boutique.
  7711 | D:8      | Reached *** piety under Okawaru
  7797 | D:8      | Found an ancient bone altar of Kikubaaqudgha.
  7942 | D:8      | Reached XP level 10. HP: 94/109 MP: 15/15
  8012 | D:8      | Found a runed translucent gate.
  8013 | D:8      | Found a runed translucent gate.
  8014 | D:8      | Noticed a two-headed ogre
  8015 | D:8      | Found a runed translucent gate.
  8015 | D:8      | Noticed Sobieck's ghost (novice MDFE)
  8038 | D:8      | Reached skill level 10 in Fighting
  8053 | D:8      | Reached **** piety under Okawaru
  8519 | D:8      | Found a sparkling altar of Nemelex Xobeh.
  9589 | D:9      | Found a staircase to the Lair.
  9589 | D:9      | Noticed an elephant
  9597 | D:9      | Killed an elephant
  9855 | D:9      | Identified the +9 broad axe of Lippiosu {heavy, *Noise
                  | rPois rF++ SInv}
 10144 | D:9      | Reached ***** piety under Okawaru
 10322 | D:9      | Reached XP level 11. HP: 78/117 MP: 17/17
 11014 | D:9      | Found a staircase to the Orcish Mines.
 12085 | D:9      | Received a gift from Okawaru
 12207 | Lair:1   | Entered Level 1 of the Lair of Beasts
 12295 | Lair:1   | Identified the serpent talisman of Tiuzic {*Slow Str+3
                  | Dex+5}
 12374 | Lair:1   | Reached skill level 10 in Invocations
 12444 | Lair:1   | Reached skill level 10 in Maces & Flails
 12643 | Lair:1   | Reached skill level 10 in Throwing
 12701 | Lair:1   | Noticed an eight-headed hydra
 12782 | Lair:1   | Noticed an oklob plant
 13033 | Lair:1   | Noticed an oklob plant
 13043 | Lair:1   | Killed an oklob plant
 13157 | Lair:1   | Killed an oklob plant
 13158 | Lair:1   | Reached skill level 11 in Fighting
 13670 | Lair:2   | Reached XP level 12. HP: 69/130 MP: 9/19
 13883 | Lair:2   | Noticed an eight-headed hydra
 13886 | Lair:2   | Noticed a skyshark
 13945 | Lair:2   | Received a gift from Okawaru
 13947 | Lair:2   | Killed an eight-headed hydra
 13949 | Lair:2   | Reached skill level 12 in Fighting
 14323 | Lair:2   | Killed a skyshark
 14474 | Lair:2   | Found a staircase to the Shoals.
 15205 | Lair:3   | Noticed a death yak
 15358 | Lair:2   | Reached skill level 13 in Fighting
 15569 | Lair:3   | Noticed a death yak
 15569 | Lair:3   | Noticed a death yak
 15572 | Lair:3   | Noticed a death yak
 15576 | Lair:2   | Received a gift from Okawaru
 16025 | Lair:2   | Killed a death yak
 16075 | Lair:3   | Reached ****** piety under Okawaru
 16084 | Lair:3   | Noticed a skyshark
 16085 | Lair:3   | Noticed a seven-headed hydra
 16244 | Lair:2   | Killed a seven-headed hydra
 16245 | Lair:2   | Reached XP level 13. HP: 71/145 MP: 6/20
 16582 | Lair:3   | Reached skill level 14 in Fighting
 16677 | Lair:3   | Acquired a +1 hat of stealth
 16677 | Lair:3   | Received a gift from Okawaru
 16987 | Lair:3   | Acquired a +4 dire flail of holy wrath
 16987 | Lair:3   | Received a gift from Okawaru
 17041 | Lair:3   | Received a gift from Okawaru
 17047 | Lair:3   | Found a hole to the Spider Nest.
 18440 | Lair:4   | Received a gift from Okawaru
 18576 | Lair:4   | Found a large runed translucent door.
 18576 | Lair:4   | Found a large runed translucent door.
 18782 | Lair:4   | Reached skill level 15 in Fighting
 18982 | Lair:4   | Noticed Pijio's ghost (journeyman MDFi)
 19204 | Lair:5   | Entered Level 5 of the Lair of Beasts
 19207 | Lair:5   | Identified the maw talisman of the Illusory Beggars {rN+
                  | Str+4 Dex-5 Stlth+}
 19207 | Lair:5   | Noticed Rupert
 19210 | Lair:5   | Paralysed by Rupert for 3 turns
 19238 | Lair:5   | Killed Rupert
 19265 | Lair:5   | Found a dark tunnel.
 19273 | Volcano  | Entered a volcano
 19448 | Volcano  | Received a gift from Okawaru
 19450 | Volcano  | Noticed a fire dragon
 19461 | Volcano  | Killed a fire dragon
 19479 | Volcano  | Found a bloodstained altar of Trog.
 19812 | Lair:5   | Found a viscous altar of Jiyva.
 19818 | Lair:5   | Found a staircase to the Slime Pits.
 20103 | Lair:5   | Reached XP level 14. HP: 94/159 MP: 11/21
 21101 | Lair:5   | Received a gift from Okawaru
 21790 | Lair:5   | Received a gift from Okawaru
 21803 | Lair:5   | Found a burning altar of Makhleb.
 22128 | Lair:5   | Slain by an ice devil

Illustrated notes

Levels and vault maps discovered:
D:1:      nicolae_arrival_washed_ashore, layout_loops_ring, minmay_pentomino_o4
D:2:      layout_basic, minmay_liquid_box
D:3:      layout_loops_cross, roderic_lattice_a, skrybe_limestone_x,
          nrook_mini_backslash, chequers_serial_rivers_small_3, uniq_terence,
          uniq_ijyb
D:4:      layout_rooms, minitemple, nicolae_letterblocks
          [nicolae_letter_subblock, nicolae_letter_subblock,
          nicolae_letter_subblock, nicolae_letter_subblock,
          nicolae_letter_subblock, nicolae_letter_subblock,
          nicolae_letter_subblock, nicolae_letter_subblock,
          nicolae_letter_subblock, nicolae_letter_subblock,
          nicolae_letter_subblock, nicolae_letter_subblock,
          nicolae_letter_subblock, nicolae_letter_subblock,
          nicolae_letter_subblock, nicolae_letter_subblock,
          nicolae_letter_subblock, nicolae_letter_subblock,
          nicolae_letter_subblock, nicolae_letter_subblock,
          nicolae_letter_subblock, nicolae_letter_subblock,
          nicolae_letter_subblock, nicolae_letter_subblock,
          nicolae_letter_subblock]
D:5:      layout_cave_pools, uniq_crazy_yiuf_cottage
D:6:      layout_cave_pods, nicolae_vehumet_altar_sigil
D:7:      layout_loops_cross, minmay_temple_entry_overgrown, serial_shops,
          nicolae_shop_tiny_glass, corexii_hall_statues_x, uniq_pikel
D:8:      layout_loops_ring, kiku_gazebo_pond_becter,
          nemelex_spade_bored_becter, gammafunk_ghost_split, serial_shops,
          nicolae_shop_tiny_glass
D:9:      layout_loops_corners, grunt_lair_entry_orc_guard_hut,
          kennysheep_orc_monster_closet_entryway,
          chequers_serial_rivers_micro_c, minmay_fractal_squares_5
Lair:1:   cheibrodos_lair_river_kwai, layout_cave_shapes, st_stairs_7,
          disabler_island
Lair:2:   layout_small_grid, minmay_shoals_entry_centaurs, special_room
          [special_room_bee], st_stairs_4, lemuel_fruit_tree,
          infiniplex_staircase_pool
Lair:3:   layout_cave_shapes, spider_nest_entry_funnel_web, st_stairs_7,
          nicolae_lair_run_with_the_wolves
Lair:4:   layout_gridlike, ebering_ghost_disaster_area
Lair:5:   evil_forest, layout_regular_city, slime_entry_1, enter_volcano_2,
          uniq_rupert

Skill      XL: |  1  2  3  4  5  6  7  8  9 10 11 12 13 14 |
---------------+-------------------------------------------+-----
Fighting       | 3 4 5 6 8 9 10 11 13 15 | 15.0
Dodging        | 3 |  3.0
Throwing       | 3 4 5 6 7 9 10 12 13 14 | 14.8
Maces & Flails | 4 5 6 7 9 10 12 13 14 | 14.9
Invocations    | 2 4 6 9 10 | 10.0

Action                     |  1- 3 |  4- 6 |  7- 9 | 10-12 | 13-15 || total
---------------------------+-------+-------+-------+-------+-------++-------
  Melee: Flail             |    68 |       |       |       |       ||    68
         Headbutt          |     7 |    10 |    23 |   112 |   103 ||   255
         Mace              |    17 |    96 |   172 |   503 |   384 ||  1172
         Unarmed           |       |       |     5 |       |       ||     5
  Throw: Dart              |       |    26 |    28 |    69 |    55 ||   178
         Large rock        |       |     1 |       |     1 |    18 ||    20
         Boomerang         |       |       |       |    20 |    47 ||    67
         Javelin           |       |       |       |    10 |    22 ||    32
         Throwing net      |       |       |       |     1 |       ||     1
 Invoke: Heroism           |       |       |       |     3 |     1 ||     4
         Finesse           |       |       |       |     3 |     1 ||     4
         Receive Weapon    |       |       |       |       |     1 ||     1
         Receive Armour    |       |       |       |       |     1 ||     1
  Evoke: Wand              |       |       |       |    11 |     2 ||    13
    Use: Scroll            |       |     9 |     3 |    10 |     6 ||    28
         Potion            |       |     2 |       |     2 |     1 ||     5
   Stab: Sleeping          |     2 |       |     1 |     5 |     1 ||     9
         Distracted        |       |       |       |     1 |       ||     1
 Armour: Robe              |    67 |    78 |   141 |    67 |       ||   353
         Skin              |       |       |     3 |       |       ||     3
         Steam dragon scal |       |       |       |   354 |   151 ||   505
         Fire dragon scale |       |       |       |       |   213 ||   213
  Dodge: Dodged            |    43 |    51 |    86 |   354 |   253 ||   787

Table legend: (Time is in decaauts)
 A = Elapsed time spent in this place.
 B = Non-inter-level travel time spent in this place.
 C = Inter-level travel time spent in this place.
 D = Time resting spent in this place.
 E = Time spent auto-exploring this place.
 F = Levels seen in this place.
 G = Mean time per level.
                   A        B        C        D        E       F      G
               +--------+--------+--------+--------+--------+-----+--------+
         Total |  21967 |  21192 |    775 |   4270 |  11945 |  15 | 1464.5 |
       Dungeon |  12256 |  11820 |    436 |   2167 |   7087 |   9 | 1361.8 |
          Lair |   9364 |   9025 |    339 |   1995 |   4819 |   5 | 1872.8 |
       Volcano |    346 |    346 |      0 |    108 |     39 |   1 |  346.0 |
               +--------+--------+--------+--------+--------+-----+--------+

Top non-repeatable levels by time:
  Lair:2: 2826 daAuts
     D:9: 2322 daAuts
     D:8: 2249 daAuts
  Lair:5: 2160 daAuts
  Lair:3: 1877 daAuts
     D:6: 1432 daAuts
  Lair:4: 1345 daAuts
     D:2: 1283 daAuts
     D:3: 1251 daAuts
  Lair:1: 1154 daAuts
     D:7: 1021 daAuts
     D:1: 972 daAuts
     D:5: 936 daAuts
     D:4: 787 daAuts
 Volcano: 346 daAuts
